Map: [ESL] Crimson Court

Players

trigger

  • Race: Protoss Protoss
  • Spawn Location: 1:00

Astrea - Winner!

  • Race: Protoss Protoss
  • Spawn Location: 7:00

Event: ESL SC2 Masters 2024 Spring (Regional)

VOD

Have the link to the VOD?

Description

Time

  • Played on: May 5, 2024, 2:13 p.m.
  • Length: 7:23

All games in this series

Show
View Real Time Build Order
Export as new Build Order

trigger Protoss 

Build Orders: Oracle Opening 

Get SALT Encoding   

  12  0:00  Probe  
  13  0:12  Probe  
  14  0:17  Pylon  
  14  0:24  Probe (Chrono Boost)  
  16  0:36  Probe (Chrono Boost)  
  16  0:37  Gateway  
  16  0:43  Probe (Chrono Boost)  
  16  0:46  Assimilator  
  17  0:51  Probe  
  17  0:54  Assimilator  
  18  1:03  Probe (Chrono Boost)  
  19  1:11  Gateway  
  19  1:13  Probe (Chrono Boost)  
  19  1:18  Probe (Chrono Boost)  
  20  1:24  Cybernetics Core  
  21  1:29  Probe  
  22  1:34  Pylon  
  22  1:41  Probe  
  23  2:00  Adept x2  
  27  2:03  Stargate  
  27  2:07  Warp Gate  
  27  2:12  Pylon  
  27  2:30  Adept x2  
  27  2:33  Probe  
  32  2:43  Oracle (Chrono Boost)  
  35  3:03  Nexus  
  35  3:10  Stalker  
  37  3:18  Pylon  
  37  3:25  Sentry  
  35  3:43  Robotics Facility  
  31  3:53  Gateway  
  31  3:56  Stalker, Shield Battery  
  31  3:57  Stalker  
  31  4:00  Pylon  
  35  4:07  Phoenix  
  35  4:21  Stalker x2  
  35  4:22  Probe  
  40  4:26  Pylon  
  40  4:28  Immortal (Chrono Boost)  
  44  4:39  Pylon  
  44  4:53  Stalker  
  44  4:57  Warp Prism (Chrono Boost)  
  48  5:12  Stalker  
  50  5:25  Stalker x2  
  54  5:37  Pylon  
  54  5:54  Stalker  
  54  5:57  Stalker x2  
  54  6:01  Pylon  
  58  6:15  Immortal (Chrono Boost)  
  62  6:25  Stalker  
  64  6:26  Sentry  
  66  6:34  Stalker  
Show
View Real Time Build Order
Export as new Build Order

Astrea Protoss - Winner!

Build Orders: Blink Stalkers 

Get SALT Encoding   

  12  0:00  Probe  
  13  0:12  Probe  
  14  0:16  Pylon  
  14  0:24  Probe (Chrono Boost)  
  16  0:35  Gateway  
  16  0:36  Probe (Chrono Boost)  
  16  0:42  Probe (Chrono Boost)  
  16  0:44  Assimilator  
  17  0:51  Probe  
  17  0:52  Assimilator  
  18  1:03  Probe (Chrono Boost)  
  19  1:06  Gateway  
  19  1:12  Probe (Chrono Boost)  
  19  1:17  Probe (Chrono Boost)  
  20  1:22  Cybernetics Core  
  21  1:29  Probe  
  21  1:32  Pylon  
  22  1:41  Probe  
  23  1:53  Probe  
  24  1:58  Stalker x2  
  24  1:59  Warp Gate  
  28  2:05  Probe  
  29  2:08  Pylon  
  30  2:26  Twilight Council  
  30  2:28  Stalker  
  31  2:31  Stalker  
  33  2:53  Pylon  
  33  2:59  Blink (Chrono Boost)  
  33  3:08  Stalker  
  33  3:09  Pylon  
  35  3:13  Probe  
  36  3:26  Probe  
  35  3:38  Probe  
  32  3:44  Gateway  
  30  3:49  Stalker x2  
  30  3:51  Probe  
  35  4:03  Probe  
  36  4:14  Stalker x2  
  36  4:15  Probe  
  42  4:32  Nexus  
  42  4:35  Probe  
  42  4:39  Sentry  
  44  4:48  Probe  
  45  5:00  Probe  
  45  5:03  Stalker  
  45  5:04  Stalker  
  50  5:13  Stalker  
  52  5:25  Probe  
  52  5:27  Pylon  
  51  5:30  Stalker  
  51  5:32  Sentry  
  53  5:43  Sentry  
  53  5:46  Shield Battery  
  53  5:48  Shield Battery  
  55  5:54  Stalker  
  57  5:57  Stalker  
  57  6:19  Stalker x2  
  57  6:22  Stalker  
  63  6:31  Pylon  
  57  6:43  Stalker x2  
  57  6:45  Zealot  
  61  6:55  Probe  
  61  6:56  Probe  
  54  7:07  Probe  
Tags
 
Add a new tag
Caveats
  • Supply blocks, unpowered buildings, or Contaminate may cause inaccurate times.
  • Supply counts are checked every 10 seconds.